 Dungeon Crawl Stone Soup version 0.20.1-1-g8b1a95d (webtiles) character file.

332 Ijustatesigmund the Sneak (level 6, 0/43 HPs)
             Began as an Octopode Assassin on Sept 23, 2017.
             Splashed by Ijyb's acid (5 damage)
             ... on level 4 of the Dungeon.
             The game lasted 00:05:43 (3180 turns).

Ijustatesigmund the Sneak (Octopode Assassin)       Turns: 3180, Time: 00:05:44

Health: 0/43       AC:  0    Str: 11    XL:     6   Next: 52%
Magic:  6/6        EV: 12    Int: 13    God:
Gold:   124        SH:  7    Dex: 15    Spells: 5/5 levels left

rFire    . . .     SeeInvis .   a - +0 whip
rCold    . . .     Gourm    .   g - +2 buckler {AC+3}
rNeg     . . .     Faith    .   (helmet restricted)
rPois    .         Spirit   .   (no amulet)
rElec    .         Reflect  .   k - ring of resist corrosion
rCorr    +         Harm     .   (no ring)
MR       .....                  (no ring)
Stlth    ++++......             (no ring)
Regen    0.2/turn               (no ring)
MPRegen  0.1/turn               (no ring)
                                (no ring)
                                (no ring)

@: corroded
A: almost no armour, stealthy swim, amphibious, 8 rings, constrict 8, camouflage
1, gelatinous body 1
a: no special abilities


You were on level 4 of the Dungeon.
You were not hungry.

You visited 1 branch of the dungeon, and saw 4 of its levels.

You collected 124 gold pieces.

Inventory:

Hand Weapons
 a - a +0 whip (weapon)
 b - a +0 blowgun
Missiles
 c - 15 poisoned needles
 d - 2 curare-tipped needles
Armour
 g - a +2 buckler of protection (worn)
Jewellery
 k - a ring of resist corrosion (left tentacle)
 l - an uncursed ring of ice
Scrolls
 m - 3 scrolls of remove curse
 o - 2 scrolls of fear
 q - 2 scrolls of teleportation
Potions
 e - 2 potions of lignification
 h - 2 potions of agility
 i - a potion of flight
 j - 2 potions of curing
 p - a potion of brilliance
Books
 u - Sif Muna's Guide on the Glacier
   (You found it on level 3 of the Dungeon)

   Spells                             Type                      Level
   a - Freeze                         Ice                          1
Comestibles
 f - 2 bread rations
 r - 4 fruits
 s - a royal jelly
 t - 2 chunks of flesh


   Skills:
 + Level 3.8 Fighting
   Level 2.0 Short Blades
 * Level 4.2 Maces & Flails
 - Level 2.0 Throwing
 - Level 1.0 Dodging
 - Level 5.3 Stealth
 + Level 2.9 Shields


You had 5 spell levels left.
You didn't know any spells.

Dungeon Overview and Level Annotations

Branches:
Dungeon (4/15)
 Temple: D:4-7

Altars:
Sif Muna
The Shining One

Annotations:
D:4 Ijyb


Innate Abilities, Weirdness & Mutations

You cannot wear most types of armour.
You are very stealthy in the water. (Stealth+)
You are amphibious.
You can wear up to eight rings at the same time.
You can use your tentacles to constrict eight enemies at once.
Your skin changes colour to match your surroundings (Stealth+).
Your rubbery body absorbs attacks. (AC +1, EV +1)


Message History

The bolt of acid hits you! You resist.
You are splashed with acid!
The acid burns!
You resist.
You hit Ijyb but do no damage.
Ijyb is moderately wounded.
You constrict Ijyb, but do no damage. You hit Ijyb but do no damage.
Ijyb is moderately wounded.
You constrict Ijyb. Ijyb hits you.
You barely miss Ijyb. You squeeze Ijyb, but do no damage.
Ijyb is moderately wounded.
You constrict Ijyb, but do no damage. Ijyb hits you.
You hit Ijyb but do no damage. Your squeeze misses Ijyb.
Ijyb is moderately wounded.
You constrict Ijyb. Ijyb closely misses you.
You hit Ijyb but do no damage.
Ijyb is heavily wounded.
You constrict Ijyb.
Ijyb zaps a wand.
The bolt of acid hits you! You resist.
* * * LOW HITPOINT WARNING * * *
You are splashed with acid!
The acid burns!
You resist.
You die...

........# ..###.###
..# #.####### ..#
#....>..# ..#
#######.########
###########.##.!....
. ..<......#...##
#######...#.#.#####.#
#...........@g......
#.####...#.#.......#
#...........[$.#
#.#).#.##.......
#.#..#.# ......#
#.#..#.# #####.#
#.#..#.# # #..#.#


You could see Ijyb.

Vanquished Creatures
  A scorpion (D:4)
  3 orc wizards
  Jessica (D:3)
  8 adders
  2 oozes
  A dart slug (D:4)
  A leopard gecko (D:1)
  7 orcs
  A ball python (D:1)
  5 giant cockroaches
  10 goblins
  10 hobgoblins
  7 jackals
  2 quokkas (D:2)
  3 bats
  2 frilled lizards
  9 kobolds
  A quokka skeleton (D:4)
  11 rats
85 creatures vanquished.

Notes
Turn   | Place    | Note
-------+----------+-------------------------------------------
     0 | D:1      | Ijustatesigmund the Octopode Assassin began the quest for the Orb.
     0 | D:1      | Reached XP level 1. HP: 14/14 MP: 1/1
   119 | D:1      | Reached XP level 2. HP: 20/20 MP: 2/2
   238 | D:1      | Reached skill level 1 in Shields
   375 | D:1      | Reached XP level 3. HP: 25/25 MP: 3/3
   607 | D:2      | Reached skill level 1 in Maces & Flails
  1158 | D:2      | Reached XP level 4. HP: 31/31 MP: 4/4
  2005 | D:3      | Noticed Jessica
  2018 | D:3      | Killed Jessica
  2018 | D:3      | Reached XP level 5. HP: 20/36 MP: 5/5
  2533 | D:3      | Found a deep blue altar of Sif Muna.
  2557 | D:3      | Identified Sif Muna's Guide on the Glacier
  2623 | D:3      | Reached XP level 6. HP: 31/42 MP: 6/6
  3001 | D:4      | Found a glowing golden altar of the Shining One.
  3160 | D:4      | Noticed Ijyb
  3180 | D:4      | Splashed by Ijyb's acid

Skill      XL: |  1  2  3  4  5  6 |
---------------+-------------------+-----
Shields        | 1 2 |  2.9
Maces & Flails | 1 2 3 4 |  4.2
Fighting       | 3 |  3.8
Short Blades   | |  2.0
Throwing       | |  2.0
Dodging        | |  1.0
Stealth        | |  5.3

Action                   |  1- 3 |  4- 6 || total
-------------------------+-------+-------++-------
Melee: Dagger            |    34 |       ||    34
       Constrict         |    23 |    35 ||    58
       Tentacles         |     9 |    31 ||    40
       Whip              |    42 |   147 ||   189
 Fire: Blowgun           |       |     3 ||     3
  Use: Scroll            |     8 |     2 ||    10
       Potion            |       |     3 ||     3
 Stab: Sleeping          |    12 |    11 ||    23
  Eat: Chunk             |       |     7 ||     7
Armor: Skin              |    13 |    15 ||    28
Dodge: Dodged            |    38 |    63 ||   101
Block: Buckler           |    13 |    46 ||    59
